 Dungeon Crawl Stone Soup version 0.22-a0-113-gdd6f4a9 (webtiles) character file.

318 galech the Ruffian (level 6, -2/62 HPs)
             Began as a Troll Monk on Jan 28, 2018.
             Engulfed by a steam dragon's steam (10 damage)
             ... on level 4 of the Dungeon.
             The game lasted 00:04:19 (2207 turns).

galech the Ruffian (Troll Monk)                     Turns: 2207, Time: 00:04:20

Health: -2/62      AC:  5    Str: 22    XL:     6   Next: 21%
Magic:  0/5        EV: 11    Int:  6    God:
Gold:   99         SH:  0    Dex: 12    Spells: 5/5 levels left

rFire    . . .     SeeInvis .     - Unarmed
rCold    . . .     Gourm    +   (no shield)
rNeg     . . .     Faith    .   a - +0 robe
rPois    .         Spirit   +   (helmet restricted)
rElec    .         Reflect  .   i - scarf {Spirit}
rCorr    .         Harm     .   (gloves unavailable)
MR       .....                  (boots unavailable)
Stlth    ++........             (no amulet)
HPRegen  0.60/turn              (no ring)
MPRegen  0.09/turn              (no ring)

@: no status effects
A: large, unfitting armour, claws 3, fast metabolism 3, gourmand, regeneration
1, shaggy fur 1, tough skin 2
a: no special abilities


You were on level 4 of the Dungeon.
You were completely stuffed.

You visited 1 branch of the dungeon, and saw 4 of its levels.

You collected 99 gold pieces.

Inventory:

Armour
 a - a +0 robe (worn)
 i - a scarf of spirit shield (worn)
Wands
 r - a wand of paralysis (11)
Scrolls
 c - 2 scrolls of fear {unknown}
 d - a scroll of identify {unknown}
 e - a scroll of magic mapping {unknown}
 l - 2 scrolls of remove curse {unknown}
 m - a scroll of blinking {unknown}
 p - a scroll of enchant weapon {unknown}
 s - a scroll of teleportation {unknown}
 t - a scroll of enchant armour {unknown}
 u - a scroll of noise {unknown}
Potions
 g - a potion of mutation {unknown}
 h - a potion of curing {unknown}
 j - a potion of haste {unknown}
 k - 2 potions of heal wounds {unknown}
 n - a potion of lignification {unknown}
 o - a potion of brilliance {unknown}
 q - 2 potions of agility {unknown}
Comestibles
 b - 10 rations
 f - 7 chunks of flesh


   Skills:
 + Level 3.7 Fighting
 - Level 3.0 Dodging
 - Level 1.1 Stealth
 * Level 5.6 Unarmed Combat


You had 5 spell levels left.
You didn't know any spells.

Dungeon Overview and Level Annotations

Branches:
Dungeon (4/15)
 Temple: D:4-7

Altars:
Dithmenos
Elyvilon
Qazlal
Uskayaw
Wu Jian
Xom


Innate Abilities, Weirdness & Mutations

You are too large for most types of armour.
You have claws for hands.
Your metabolism is lightning-fast.
You like to eat raw meat.
Your natural rate of healing is unusually fast.
You are covered in fur. (AC +1)
You have very tough skin. (AC +2)


Message History

Some of the chunks of flesh in your inventory have rotted away.
You closely miss the hound.
The hound is almost dead.
The hound misses you.
You closely miss the hound.
The hound is almost dead.
The hound barely misses you. The hound bites you.
You scratch the hound but do no damage.
The hound is almost dead.
The hound closely misses you.
You barely miss the hound.
The hound is almost dead.
The hound bites you but does no damage.
You scratch the hound.
You kill the hound!
The steam dragon breathes steam at you. The ball of steam hits you!
* * * LOW HITPOINT WARNING * * *
You are engulfed in a cloud of scalding steam.
You die...

###### ......#
.......##
#.....l#
#...#########
#..........D#
##..#######@#
#..# #§#
#..#######§###
#.........§§.#
####.#####.#.#
#.#.# #.#.#
#.#.# ##.#.#


You could see a steam dragon.

Vanquished Creatures
  A howler monkey (D:3)
  3 orc priests (D:3)
  A hound (D:4)
  A hound skeleton (D:4)
  6 adders
  2 worms
  3 dart slugs
  4 leopard geckos
  7 orcs (D:3)
  2 ball pythons
  6 giant cockroaches
  10 goblins
  3 hobgoblins
  4 quokkas
  9 bats
  9 frilled lizards
  7 kobolds
  6 rats
84 creatures vanquished.

Vanquished Creatures (others)
  A frilled lizard (D:4)
1 creature vanquished.

Grand Total: 85 creatures vanquished

Notes
Turn   | Place    | Note
-------+----------+-------------------------------------------
     0 | D:1      | galech the Troll Monk began the quest for the Orb.
     0 | D:1      | Reached XP level 1. HP: 22/22 MP: 0/0
    87 | D:1      | Reached XP level 2. HP: 27/29 MP: 1/1
   671 | D:2      | Reached XP level 3. HP: 35/36 MP: 2/2
   672 | D:2      | Found a shimmering altar of Xom.
   686 | D:2      | Found an ornate altar of the Wu Jian Council.
   716 | D:2      | Found a shadowy altar of Dithmenos.
   816 | D:2      | Found a stormy altar of Qazlal.
  1240 | D:2      | Found a hide-covered altar of Uskayaw.
  1261 | D:2      | Noticed a hand axe
  1264 | D:2      | Noticed a hand axe
  1264 | D:2      | Reached XP level 4. HP: 44/44 MP: 3/3
  1287 | D:2      | Reached skill level 4 in Unarmed Combat
  1670 | D:3      | Reached XP level 5. HP: 53/53 MP: 4/4
  1837 | D:3      | Reached skill level 5 in Unarmed Combat
  1927 | D:3      | Found a white marble altar of Elyvilon.
  1980 | D:3      | Reached XP level 6. HP: 43/61 MP: 5/5
  2185 | D:4      | Noticed a steam dragon
  2207 | D:4      | Engulfed by a steam dragon's steam

Vault maps used:
D:1:      dpeg_arrival_boxes_within_box, serial_corexii_hall,
          corexii_hall_statues_s, corexii_hall_statues_t
D:2:      overflow_temple_1_default, nicolae_overflow_crystal_walls,
          lemuel_crystal_altar, dancing_weapons_uskayaw,
          grunt_dithmenos_smoke_and_mirrors
D:3:      first_ration, elyvilon_altar_5
D:4:      uniq_grinder

Skill      XL: |  1  2  3  4  5 |
---------------+----------------+-----
Dodging        | 3 |  3.0
Unarmed Combat | 4 5 |  5.6
Fighting       | 3 |  3.7
Stealth        | |  1.1

Action                   |  1- 3 |  4- 6 || total
-------------------------+-------+-------++-------
Melee: Unarmed           |    96 |   110 ||   206
       Punch             |       |     1 ||     1
 Stab: Sleeping          |     3 |     1 ||     4
  Eat: Chunk             |    17 |     9 ||    26
Armor: Robe              |    46 |    31 ||    77
Dodge: Dodged            |    52 |    66 ||   118

Table legend:
 A = Spawn XP
 B = Non-spawn XP
 C = Spawn XP percentage of total XP
 D = Spawn monster count
 E = Non-spawn monster count
 F = Spawn count percentage of total count
 G = Total turns spent on level
                    A         B        C        D         E        F      G
               +---------+---------+-------+---------+---------+-------+---------
         Total |       0 |     455 |   0.0 |       0 |      84 |   0.0 |  2207
               +---------+---------+-------+---------+---------+-------+---------
           D:1 |       0 |      38 |   0.0 |       0 |      21 |   0.0 |   664
           D:2 |       0 |      86 |   0.0 |       0 |      23 |   0.0 |   706
           D:3 |       0 |     263 |   0.0 |       0 |      35 |   0.0 |   683
           D:4 |       0 |      68 |   0.0 |       0 |       5 |   0.0 |   154
               +---------+---------+-------+---------+---------+-------+---------
